 Dungeon Crawl Stone Soup version 0.32-a0-705-g60f233581c (webtiles) character file.

Game seed: 6862722193270161931

19387 910rd the Mimic (level 12, -10/101 HPs)
             Began as a Pale Draconian Shapeshifter on Mar 15, 2024.
             Was an Elder of Yredelemnul.
             Mangled by a bog body (29 damage)
             ... on level 2 of the Lair of Beasts.
             The game lasted 00:37:06 (9416 turns).

910rd the Mimic (Pale Draconian Shapeshifter)       Turns: 9416, Time: 00:37:06

Health: -10/101    AC: 10    Str: 28    XL:     12   Next: 36%
Magic:  16/16      EV: 16    Int: 11    God:    Yredelemnul [****..]
Gold:   553        SH:  0    Dex: 10    Spells: 11/11 levels left

rFire   . .          .
                       - Unarmed
rCold   . . .        (shield currently unavailable)
rNeg    . . .        (body armour unavailable)
rPois   .            (helmet restricted)
rElec   .            K - +1 cloak
rCorr   .            (no gloves)
SInv    .            (no boots)
Will    .....        g - amulet of regeneration
Stlth   +            R - +6 ring of strength
HPRegen 1.16/turn    h - +4 ring of slaying
MPRegen 0.15/turn

%: no passive effects
@: flux-form, slowed, glowing, studying Maces & Flails, very slow
A: glow, contaminating, steam breath, AC +8, unfitting armour, cold-blooded,
steam resistance
a: Steam Breath, Begin Untransformation, Renounce Religion, Light the Black
Torch, Recall Undead Harvest, Hurl Torchlight, Bind Soul


You were on level 2 of the Lair of Beasts.
You worshipped Yredelemnul.
Yredelemnul was noncommittal.
You were something dangerously unstable.
You visited 3 branches of the dungeon, and saw 13 of its levels.
You also visited: Sewer.

You collected 657 gold pieces.
You spent 104 gold pieces at shops.

Inventory:

Hand Weapons
 t - a +3 rapier of venom
 M - a +0 vampiric morningstar
Missiles
 m - 5 darts of dispersal
 s - 5 atropa-tipped darts
 x - 22 poisoned darts
 B - 11 javelins
 L - 5 silver javelins
Armour
 r - an orb of mayhem
 K - a +1 cloak (worn)
Magical Staves
 i - a staff of fire
 q - a staff of air
Jewellery
 g - an amulet of regeneration (around neck)
 h - a +4 ring of slaying (right hand)
 j - a ring of willpower
 p - an amulet of the acrobat
 y - an amulet of reflection
 F - a ring of magical power
 R - a +6 ring of strength (left hand)
Talismans
 c - a flux talisman (active)
 J - a beast talisman
Wands
 b - a wand of warping (11)
 o - a wand of flame (23)
 I - a wand of mindburst (6)
 P - a wand of light (4) (quivered)
Scrolls
 e - 3 scrolls of blinking
 k - 2 scrolls of noise
 v - a scroll of enchant armour
 z - 3 scrolls of fog
 A - 2 scrolls of vulnerability
 H - 3 scrolls of poison
 N - 3 scrolls of enchant weapon
 O - 3 scrolls of brand weapon
 Q - a scroll of revelation
 S - a scroll of torment {unknown}
Potions
 a - 2 potions of lignification
 d - a potion of magic
 f - 2 potions of mutation
 l - a potion of curing
 n - 2 potions of degeneration
 u - a potion of brilliance
 w - a potion of haste
 C - a potion of cancellation {unknown}
 D - a potion of resistance {unknown}
 E - 3 potions of enlightenment
 G - 2 potions of might


   Skills:
 + Level 8.1 Fighting
 + Level 5.1 Dodging
 + Level 10.0 Unarmed Combat
 - Level 6.0 Invocations
 + Level 1.6 Evocations
 - Level 14.0 Shapeshifting


You had 11 spell levels left.
You didn't know any spells.
Your spell library contained the following spells:

 Spells                   Type           Power      Damage    Failure   Level
 Blink                    Tloc           0%         N/A       47%         2
 Lesser Beckoning         Tloc           0%         N/A       47%         2
 Momentum Strike          Conj/Tloc      0%         3d8       47%         2
 Cause Fear               Hex            0%         N/A       98%         4
 Leda's Liquefaction      Alch/Erth      0%         N/A       98%         4
 Olgreb's Toxic Radiance  Alch           0%         N/A       98%         4
 Passage of Golubria      Tloc           0%         N/A       98%         4
 Petrify                  Alch/Erth      0%         N/A       98%         4
 Fireball                 Conj/Fire      0%         3d3       100%        5
 Metabolic Englaciation   Hex/Ice        0%         N/A       100%        5
 Silence                  Hex/Air        0%         N/A       100%        5
 Ozocubu's Refrigeration  Ice            0%         4d7       100%        7
 Discord                  Hex            0%         N/A       100%        8
 Lehudib's Crystal Spear  Conj/Erth      0%         10d2      100%        8
 Dragon's Call            Summ           0%         N/A       100%        9


Dungeon Overview and Level Annotations

Branches:
Dungeon (10/15) Zot: 26148  Temple (1/1) D:7 Zot: 5959    Lair (2/5) D:10 Zot: 10785
    Orc (0/2) D:10          Sewer (visited)
  Swamp: Lair:2-3    Shoals: Lair:2-3     Snake: Lair:2-3    Spider: Lair:2-3

Altars:
Ashenzari
Cheibriados
Dithmenos
Elyvilon
Fedhas
Gozag
Hepliaklqana
Kikubaaqudgha
Makhleb
Nemelex Xobeh
Okawaru
Qazlal
Ru
Sif Muna
Trog
Uskayaw
Vehumet
Wu Jian
Xom
Yredelemnul
Zin
The Shining One

Shops:
D:3 !


Innate Abilities, Weirdness & Mutations

You are something dangerously unstable.
You glow with magical radiation, making you easy to see and hit.
Foes you strike become dangerously contaminated with magical radiation.
You are incapable of wielding weapons or throwing items.
You can breathe blasts of scalding, opaque steam.
Your pale cyan-grey scales are hard. (AC +8)
You cannot fit into any form of body armour.
You are cold-blooded and may be slowed by cold attacks.
You are immune to the effects of steam.


Message History

You regained 2 hp, and now have 72/101 hp.
You swap places.
Your blink frog zombie misses the yak.
Your bullfrog zombie hits the yak but does no damage.
The yak gores you!
* * * LOW HITPOINT WARNING * * *
The yak gores your blink frog zombie! The bog body barely misses you.
Your blink frog zombie hits the yak!
The yak dies!
Their soul becomes fuel for the torch.
Your bullfrog zombie hits the yak.
The yak gores you but does no damage.
You take 5 damage, and have 67/101 hp.
You punch the bog body!
The bog body begins to glow.
Your tail-slap misses the bog body.
The bog body is moderately damaged.
The bog body touches you!
* * * LOW HITPOINT WARNING * * *
The bog body freezes you!!
* * * LOW HITPOINT WARNING * * *
Your bullfrog zombie hits the yak but does no damage.
Your blink frog zombie hits the yak.
The yak closely misses you.
Your bullfrog zombie hits the yak but does no damage.
Your blink frog zombie barely misses the yak.
The bog body touches you!
* * * LOW HITPOINT WARNING * * *
The bog body freezes you!
* * * LOW HITPOINT WARNING * * *
You take 51 damage, and have 16/101 hp.
AAAAAHHHHHHH
Okay, then.
Okay, then.
Okay, then.
You feel better.
Your bullfrog zombie hits the yak but does no damage.
Your blink frog zombie hits the yak.
The yak closely misses you. The yak barely misses you. The yak misses you.
The bog body touches you.
* * * LOW HITPOINT WARNING * * *
The bog body freezes you!!
You feel as though you will be slow longer.
You die...
Your body rises from the dead as a mindless zombie.

#..#..........
...#..#..........
...P..#....#.##P#
.......#...####
#......#.....#
#......#....##
....#P..$.Z##
#.......YYZ.##.##
....(..Zpn⌠......
........♣Y.♣....
........♣..♣.....#
.......♣♣..♣♣....#
#....#. ~.♣≈ ....#
.....#. ≈..≈♣....#
#... #.♣~♣.≈♣ #..
..♣≈ . ♣ ... P♣♣≈
♣~


You could see a bog body (contam), 3 yaks, a friendly yak zombie, a friendly
bullfrog zombie and a friendly blink frog zombie.

Vanquished Creatures
  2 two-headed ogres (D:10)
  A death yak (D:9)
  Nergalle (Lair:2)
  Maurice (D:7)
  Joseph (D:7)
  2 cane toads
  3 komodo dragons (Lair:1)
  Jeremiah (D:7)
  4 kobold demonologists (D:10)
  An efreet (D:9)
  2 trolls (D:10)
  2 polar bears (D:9)
  6 blink frogs
  A wyvern (D:9)
  13 yaks
  A steam dragon (D:8)
  Menkaure (D:4)
  A swamp worm (Lair:2)
  8 water moccasins
  Duvessa (D:5)
  2 sky beasts (D:7)
  Pargi (Sewer)
  An orc warrior (D:5)
  2 ice beasts (D:9)
  A black bear (D:7)
  4 wolves
  2 ogres (D:7)
  3 centaurs (D:9)
  2 phantoms (D:5)
  5 kobold brigands
  2 bullfrogs
  4 scorpions
  4 wights (D:8)
  Dowan (D:5)
  3 killer bees (D:9)
  2 howler monkeys (D:8)
  An electric eel (D:9)
  2 jellies (D:4)
  2 bombardier beetles (D:4)
  3 orc priests
  2 hounds
  An iguana (D:5)
  3 sleepcaps
  14 orc wizards
  A centaur simulacrum (D:9)
  13 gnolls
  15 adders
  A shadow imp (D:7)
  An ufetubus (D:9)
  3 ribbon worms
  5 dart slugs
  22 orcs
  8 ball pythons
  5 bats
  7 endoplasms
  A giant cockroach (D:3)
  5 hobgoblins
  3 jackals (D:5)
  6 kobolds
  A quokka (D:3)
  7 frilled lizards
  5 goblins
  4 rats
233 creatures vanquished.

Vanquished Creatures (collateral kills)
  A two-headed ogre (D:9)
  2 cane toads
  A polar bear (Lair:1)
  7 blink frogs
  A basilisk (Lair:1)
  5 yaks
  A black bear (Lair:2)
  8 wolves (Lair:2)
  A bullfrog (Lair:2)
  A howler monkey (D:8)
  An electric eel (D:9)
  An orc wizard (D:10)
  A gnoll (D:7)
  A white imp (D:9)
  An ufetubus (D:9)
  2 orcs
  3 kobolds (D:8)
38 creatures vanquished.

Vanquished Creatures (others)
  A two-headed ogre zombie (D:10)
  A cane toad zombie (Lair:2)
  A blink frog zombie (Lair:2)
  A yak zombie (Lair:2)
  A polar bear zombie (D:9)
  6 wolf zombies (Lair:2)
  An ogre zombie (D:7)
  An ufetubus (D:9)
  A spectral shadow imp (D:7)
  2 gnoll zombies (D:7)
  4 orc zombies (D:10)
20 creatures vanquished.

Grand Total: 291 creatures vanquished

Notes
Turn   | Place    | Note
-------+----------+-------------------------------------------
     0 | D:1      | 910rd the Draconian Shapeshifter began the quest for the
                  | Orb.
     0 | D:1      | Reached XP level 1. HP: 16/16 MP: 1/1
   139 | D:1      | Reached XP level 2. HP: 22/23 MP: 2/2
   621 | D:2      | Reached skill level 4 in Shapeshifting
   644 | D:2      | Reached XP level 3. HP: 22/28 MP: 3/3
  1074 | D:3      | Reached XP level 4. HP: 33/35 MP: 4/4
  1084 | D:3      | Reached skill level 5 in Shapeshifting
  1169 | D:3      | Found Madit's Distillery.
  1178 | D:3      | Bought a potion of heal wounds for 65 gold pieces
  1178 | D:3      | Bought a potion of curing for 39 gold pieces
  1247 | D:3      | Found a glowing drain.
  1259 | Sewer    | Entered a sewer
  1405 | Sewer    | Noticed Pargi
  1423 | Sewer    | Killed Pargi
  1424 | Sewer    | Reached XP level 5. HP: 40/40 MP: 5/5
  1713 | D:3      | Reached skill level 6 in Shapeshifting
  2125 | D:4      | Found a shadowy altar of Dithmenos.
  2191 | D:4      | Found a bloodstained altar of Trog.
  2246 | D:4      | Reached XP level 6. HP: 47/47 MP: 6/6
  2363 | D:4      | Found a hazy altar of Hepliaklqana.
  2627 | D:4      | Noticed Menkaure
  2704 | D:4      | Killed Menkaure
  2705 | D:4      | Reached skill level 7 in Shapeshifting
  2705 | D:4      | Your scales start taking on a pale cyan-grey colour.
  2705 | D:4      | Reached XP level 7. HP: 32/57 MP: 7/7
  2705 | D:4      | Gained mutation: You are immune to the effects of steam.
                  | [Pale Draconian growth]
  3040 | D:4      | Found a shimmering blue altar of Sif Muna.
  3063 | D:5      | Entered Level 5 of the Dungeon
  3125 | D:5      | 910rd: !tiamat
  3125 | D:5      | beem: 910rd is not a tiamat player. Unwon draconians:
                  | Black, Yellow, White, Pale, Green, Red, Grey
  3409 | D:5      | Noticed Dowan
  3416 | D:5      | Noticed Duvessa
  3428 | D:5      | Killed Duvessa
  3442 | D:5      | Killed Dowan
  3505 | D:5      | Reached skill level 5 in Unarmed Combat
  3537 | D:5      | Reached XP level 8. HP: 67/67 MP: 8/8
  3662 | D:5      | Reached skill level 5 in Fighting
  4654 | D:6      | Reached skill level 8 in Shapeshifting
  4809 | D:7      | Found a staircase to the Ecumenical Temple.
  4817 | Temple   | Entered the Ecumenical Temple
  4837 | Temple   | Became a worshipper of Yredelemnul the Fallen
  4888 | D:7      | Reached XP level 9. HP: 74/74 MP: 9/9
  4970 | D:7      | Reached skill level 5 in Dodging
  4970 | D:7      | Reached skill level 1 in Invocations
  5021 | D:7      | Noticed Jeremiah
  5058 | D:7      | Killed Jeremiah
  5131 | D:7      | Noticed Joseph
  5145 | D:7      | Killed Joseph
  5476 | D:7      | Noticed Maurice
  5485 | D:7      | Maurice stole a beast talisman
  5497 | D:7      | Killed Maurice
  5580 | D:8      | Reached skill level 9 in Shapeshifting
  5624 | D:8      | Reached * piety under Yredelemnul
  5787 | D:8      | Reached skill level 5 in Invocations
  5794 | D:8      | Reached XP level 10. HP: 74/80 MP: 13/13
  6303 | D:9      | Noticed a two-headed ogre
  6310 | D:9      | Killed a two-headed ogre
  6594 | D:9      | Noticed a death yak
  6605 | D:9      | Killed a death yak
  6723 | D:9      | Reached ** piety under Yredelemnul
  6798 | D:9      | Found a sparkling altar of Nemelex Xobeh.
  6798 | D:9      | Found an opulent altar of Gozag.
  7006 | D:9      | Reached skill level 10 in Shapeshifting
  7312 | D:10     | Entered Level 10 of the Dungeon
  7321 | D:10     | Found a staircase to the Orcish Mines.
  7331 | D:10     | Found a staircase to the Lair.
  7516 | D:10     | Noticed a two-headed ogre
  7522 | D:10     | Killed a two-headed ogre
  7523 | D:10     | Reached XP level 11. HP: 79/93 MP: 15/15
  7621 | D:10     | Noticed a soul eater
  7840 | D:10     | Reached skill level 10 in Unarmed Combat
  8135 | D:10     | Noticed a two-headed ogre
  8145 | D:10     | Killed a two-headed ogre
  8146 | D:10     | Reached skill level 11 in Shapeshifting
  8176 | Lair:1   | Entered Level 1 of the Lair of Beasts
  8429 | Lair:1   | Reached skill level 12 in Shapeshifting
  8442 | Lair:1   | Reached *** piety under Yredelemnul
  8857 | Lair:1   | Reached skill level 13 in Shapeshifting
  8857 | Lair:1   | Reached XP level 12. HP: 100/101 MP: 16/16
  9272 | Lair:2   | Noticed Nergalle
  9283 | Lair:2   | Killed Nergalle
  9300 | Lair:2   | Reached **** piety under Yredelemnul
  9305 | Lair:2   | Reached skill level 14 in Shapeshifting
  9306 | Lair:2   | Reached skill level 1 in Evocations
  9416 | Lair:2   | Mangled by a bog body

Illustrated notes

Levels and vault maps discovered:
D:1:      spicycebolla_arrival_ecumenical, layout_basic
D:2:      layout_rooms, kennysheep_generic_room_3
D:3:      layout_loops_ring, serial_shops, nicolae_shop_rolling_square,
          portal_sewer_entry_d, serial_park_tiny_1
D:4:      layout_gridville, mainiacjoe_overflow_cross_hatched,
          nzn_hepliaklqana_mist_gate, tgw_sif,
          mainiacjoe_overflow_concentric_impassable, hex_medium,
          minmay_manual_mail, uniq_menkaure
D:5:      layout_basic, nrook_uturn, uniq_duvessa
D:6:      layout_gridville, kennysheep_diamond, kennysheep_generic_room_10
D:7:      minmay_evil_eye, layout_loops_ring, minmay_temple_entry_junction_2,
          uniq_maurice, uniq_jeremiah, uniq_joseph
D:8:      layout_basic, st_stairs_12, nrook_mini_vaults, serial_bayou_pond_e
D:9:      layout_basic, grunt_temple_overflow_opulence, serial_ice,
          serial_ice_o, serial_ice_m, serial_ice_k, serial_ice_e, serial_ice_c,
          serial_ice_g
D:10:     layout_small_grid, lair_entry_dummy, orc_0_dummy
Temple:   lightli_temple_of_artemis
Lair:1:   layout_roguey
Lair:2:   layout_chaotic_city, nicolae_swamp_entry_splash_gauntlet,
          dummy_snake_entry, wad_woods_road_03, grunt_megastairs_1,
          uniq_nergalle

Skill      XL: |  1  2  3  4  5  6  7  8  9 10 11 12 |
---------------+-------------------------------------+-----
Shapeshifting  | 4 5 6 7 8 9 10 13 14 | 14.0
Fighting       | 3 4 5 7 8 |  8.1
Dodging        | 3 4 5 |  5.1
Unarmed Combat | 5 6 8 9 10 | 10.0
Invocations    | 5 6 |  6.0
Evocations     | 1 |  1.6

Action                     |  1- 3 |  4- 6 |  7- 9 | 10-12 || total
---------------------------+-------+-------+-------+-------++-------
  Melee: Unarmed           |    75 |   102 |   325 |   349 ||   851
         Tailslap          |     9 |     8 |    51 |    68 ||   136
         Punch             |     4 |       |     1 |       ||     5
 Invoke: Light the Black T |       |       |     2 |     4 ||     6
         Recall Undead Har |       |       |       |     1 ||     1
         Hurl Torchlight   |       |       |       |     1 ||     1
Ability: Steam Breath      |       |       |       |     1 ||     1
  Evoke: Wand              |       |       |     1 |     2 ||     3
    Use: Scroll            |       |     9 |     5 |     8 ||    22
         Potion            |       |     3 |     1 |     5 ||     9
   Stab: Sleeping          |       |     1 |       |       ||     1
         Distracted        |       |       |       |     2 ||     2
         Confused          |       |       |       |     2 ||     2
 Armour: Skin              |    35 |    91 |   138 |   249 ||   513
  Dodge: Dodged            |    43 |    48 |   208 |   329 ||   628
   Form: Flux              |       |       |     1 |       ||     1

Table legend: (Time is in decaauts)
 A = Elapsed time spent in this place.
 B = Non-inter-level travel time spent in this place.
 C = Inter-level travel time spent in this place.
 D = Time resting spent in this place.
 E = Time spent auto-exploring this place.
 F = Levels seen in this place.
 G = Mean time per level.
                   A        B        C        D        E       F      G
               +--------+--------+--------+--------+--------+-----+--------+
         Total |   9354 |   8952 |    402 |    388 |   6408 |  14 |  668.1 |
       Dungeon |   7881 |   7535 |    346 |    216 |   5519 |  10 |  788.1 |
        Temple |     40 |     20 |     20 |      0 |      0 |   1 |   40.0 |
          Lair |   1213 |   1177 |     36 |     49 |    889 |   2 |  606.5 |
         Sewer |    219 |    219 |      0 |    123 |      0 |   1 |  219.0 |
               +--------+--------+--------+--------+--------+-----+--------+

Top non-repeatable levels by time:
     D:5: 1105 daAuts
  Lair:1: 1065 daAuts
     D:9: 1062 daAuts
     D:4: 948 daAuts
     D:3: 883 daAuts
    D:10: 851 daAuts
     D:7: 812 daAuts
     D:8: 662 daAuts
     D:1: 552 daAuts
     D:6: 522 daAuts
     D:2: 479 daAuts
   Sewer: 219 daAuts
  Lair:2: 147 daAuts
  Temple: 40 daAuts
